 Dungeon Crawl Stone Soup version 0.27.0-1-g7a089689b8 (webtiles) character file.

Game seed: 5237125630838146256

42 Strat the Conjurer (level 3, -1/29 HPs)
             Began as a Ghoul Conjurer on Aug 9, 2021.
             Slain by a jackal (2 damage)
             ... on level 2 of the Dungeon.
             The game lasted 00:03:07 (2127 turns).

Strat the Conjurer (Ghoul Conjurer)                 Turns: 2127, Time: 00:03:08

Health: -1/29      AC:  2    Str: 11    XL:     3   Next: 54%
Magic:  4/4        EV: 11    Int: 13    God:
Gold:   31         SH:  0    Dex:  7    Spells: 4/5 levels left

rFire    . . .     SeeInvis .     - Unarmed
rCold    + . .     Faith    .   (no shield)
rNeg     + + +     Spirit   .   a - +0 robe
rPois    ∞         Reflect  .   (no helmet)
rElec    .         Harm     .   (no cloak)
rCorr    .         Rampage  .   (no gloves)
Will     .....                  (no boots)
Stlth    ++........             (no amulet)
HPRegen  0.00/turn              (no ring)
MPRegen  0.09/turn              (no ring)

@: inhibited regen
A: claws 1, cold resistance 1, negative energy resistance 3, inhibited
regeneration, torment resistance 2
a: no special abilities


You were on level 2 of the Dungeon.
You visited 1 branch of the dungeon, and saw 2 of its levels.

You collected 31 gold pieces.

Inventory:

Hand Weapons
 b - a +0 mace
 j - a +0 spear
Missiles
 f - 37 stones
Armour
 a - a +0 robe (worn)
Scrolls
 g - a scroll of teleportation {unknown}
 h - a scroll of amnesia {unknown}
Potions
 c - a potion of heal wounds {unknown}
 d - a potion of might {unknown}
 e - a potion of attraction {unknown}
 i - a potion of degeneration {unknown}


   Skills:
 + Level 1.6 Fighting
 - Level 1.7 Dodging
 - Level 2.1 Stealth
 * Level 2.7 Unarmed Combat
 - Level 1.7 Spellcasting
 - Level 3.2 Conjurations


You had 4 spell levels left.
You knew the following spells:

 Your Spells              Type           Power      Damage    Failure   Level
a - Magic Dart            Conj           36%        1d4       7%          1

Your spell library contained the following spells:

 Spells                   Type           Power      Damage    Failure   Level
 Searing Ray              Conj           18%        3d3       11%         2
 Dazzling Flash           Conj/Hex       10%        N/A       38%         3
 Fulminant Prism          Conj/Hex       2%         3d6       80%         4
 Iskenderun's Mystic Bla  Conj/Tloc      5%         2d3       80%         4
 Petrify                  Tmut/Erth      1%         N/A       95%         4
 Irradiate                Conj/Tmut      2%         3d14      98%         5
 Sublimation of Blood     Necr           Unusable   N/A       N/A         2

Dungeon Overview and Level Annotations

Branches:
Dungeon (2/15)

Altars:

Annotations:
D:2 1 runed translucent door, Crazy Yiuf, Natasha


Innate Abilities, Weirdness & Mutations

You thrive by killing the living.
You are immune to poison.
You have sharp fingernails.
Your flesh is cold resistant. (rC+)
You are immune to negative energy. (rN+++)
You do not regenerate when monsters are visible.
You are immune to unholy pain and torment.


Message History

You hit the hobgoblin.
The hobgoblin is severely wounded.
The hobgoblin hits you.
* * * LOW HITPOINT WARNING * * *
The hobgoblin hits you.
* * * LOW HITPOINT WARNING * * *
You hit the hobgoblin.
You kill the hobgoblin!
You hit the worm but do no damage. The worm bites you.
* * * LOW HITPOINT WARNING * * *
A jackal and a giant cockroach come into view.
The jackal barks!
You hear a bark!
A jackal comes into view. x2
The jackal barks!
You hear a shout!
You hear a bark!
A kobold comes into view. It is wielding a +0 short sword.
Found a dire flail.
A giant cockroach comes into view.
Found an escape hatch in the floor.
The jackal completely misses you. The jackal barely misses you.
The jackal closely misses you. The jackal misses you. The jackal bites you.
* * * LOW HITPOINT WARNING * * *
The jackal bites you.
* * * LOW HITPOINT WARNING * * *
A jackal comes into view.
The giant cockroach bites you.
* * * LOW HITPOINT WARNING * * *
You are now empty-clawed.
The jackal barks!
You scratch the giant cockroach.
You kill the giant cockroach!
You closely miss the jackal.
The jackal bites you but does no damage.
The jackal completely misses you.
You scratch the jackal.
The jackal is heavily wounded.
The jackal bites you.
You die...

.# #.### #.# #...# #.# ###.#
#.#####.# # #.# .....##.# .#
#.# #.##.##.# ###. #.#
#.##.##.# #.. #.# ........#
##########.# #.#
#.##.##.###..hhh@....######.#
#.##.##.....hK#####.........#
.B...##.###.#.# #.#########
#.#####.# #.#.# #.# h.# #.#
#.#.#####.# ### #.#
#.#.##....# ##
#.###.#....#..##
.######..........#..)#
..w..†.........#####.#


You could see 4 jackals and a kobold.

Vanquished Creatures
  2 dart slugs (D:1)
  4 bats
  An endoplasm (D:1)
  5 giant cockroaches
  3 goblins (D:1)
  2 hobgoblins
  2 jackals (D:1)
  A quokka (D:1)
  2 ball pythons (D:1)
  5 frilled lizards (D:1)
  4 kobolds (D:1)
  5 rats
36 creatures vanquished.

Notes
Turn   | Place    | Note
-------+----------+-------------------------------------------
     0 | D:1      | Strat the Ghoul Conjurer began the quest for the Orb.
     0 | D:1      | Reached XP level 1. HP: 14/14 MP: 2/2
   285 | D:1      | Found a faded altar of an unknown god.
   318 | D:1      | Reached skill level 1 in Unarmed Combat
   363 | D:1      | Reached XP level 2. HP: 22/22 MP: 0/3
   495 | D:1      | Reached skill level 1 in Fighting
  1158 | D:1      | Reached XP level 3. HP: 26/28 MP: 4/4
  1818 | D:2      | Found a runed translucent door.
  1819 | D:2      | Noticed Crazy Yiuf
  1877 | D:2      | Noticed Natasha
  2123 | D:2      | HP: 1/28 [giant cockroach (1)]
  2127 | D:2      | Slain by a jackal

Illustrated notes

Levels and vault maps discovered:
D:1:      dpeg_arrival_long_road, layout_basic,
          shapermc_ecumenical_altar_pompeii
D:2:      layout_loops_ring, uniq_natasha, uniq_crazy_yiuf_cottage

Skill      XL: |  1  2 |
---------------+-------+-----
Unarmed Combat | 1 2 |  2.7
Fighting       | 1 |  1.6
Dodging        | |  1.7
Stealth        | |  2.1
Spellcasting   | |  1.7
Conjurations   | |  3.2

Action                   || total
-------------------------++-------
Melee: Unarmed           ||    19
       Mace              ||    86
       Punch             ||     1
 Cast: Magic Dart        ||    12
 Stab: Sleeping          ||     3
Armor: Robe              ||    34
Dodge: Dodged            ||    77
